 Dungeon Crawl Stone Soup version 0.21-a0-591-g2314aa1 (webtiles) character file.

1206 vishdafish the Cleaver (level 8, -4/67 HPs)
             Began as a Hill Orc Necromancer on Dec 22, 2017.
             Was an Initiate of Beogh.
             Slain by Grinder (5 damage)
             ... while paralysed by Grinder
             ... on level 5 of the Dungeon.
             The game lasted 00:12:46 (7131 turns).

vishdafish the Cleaver (Hill Orc Necromancer)       Turns: 7131, Time: 00:12:47

Health: -4/67      AC:  8    Str:  9 (11) XL:     8   Next: 45%
Magic:  12/12      EV:  2    Int: 15 (17) God:    Beogh [......]
Gold:   210        SH:  0    Dex:  8 (11) Spells: 12/13 levels left

rFire    . . .     SeeInvis .   n - +0 war axe
rCold    . . .     Gourm    +   (no shield)
rNeg     . . .     Faith    .   v - +0 leather armour (curse)
rPois    .         Spirit   .   (no helmet)
rElec    .         Reflect  .   f - +2 cloak
rCorr    .         Harm     .   q - +0 pair of gloves
MR       .....                  (no boots)
Stlth    +.........             k - amulet of the gourmand (curse)
HPRegen  0.21/turn              (no ring)
MPRegen  0.13/turn              (no ring)

@: paralysed, hasted
A: blurry vision 1, sense surroundings 1, shaggy fur 1
a: Renounce Religion


You were on level 5 of the Dungeon.
You worshipped Beogh.
Beogh was noncommittal.
You were not hungry.

You visited 1 branch of the dungeon, and saw 5 of its levels.

You collected 210 gold pieces.

Inventory:

Hand Weapons
 h - a +0 whip
 n - a +0 war axe (weapon)
Armour
 a - a +1 robe
 f - a +2 cloak (worn)
 q - a +0 pair of gloves (worn)
 v - a cursed +0 leather armour (worn)
Jewellery
 k - a cursed amulet of the gourmand (around neck)
 u - an uncursed amulet of faith {unknown}
Scrolls
 d - 3 scrolls of magic mapping
 g - a scroll of immolation
 i - 6 scrolls of teleportation
 m - a scroll of amnesia
 x - a scroll of blinking
Potions
 e - a potion of haste
 l - a potion of flight
 p - a potion of magic
 r - a potion of curing
 s - 2 potions of cancellation
Books
 b - a book of Necromancy

   Spells                             Type                      Level
   a - Pain                           Necromancy                   1
   b - Animate Skeleton               Necromancy                   1
   c - Vampiric Draining              Necromancy                   3
   d - Regeneration                   Charms/Necromancy            3
   e - Animate Dead                   Necromancy                   4
   f - Control Undead                 Necromancy                   4
Comestibles
 c - 4 rations


   Skills:
 - Level 4.3 Fighting
 * Level 8.4 Axes
 - Level 3.0 Dodging
 - Level 1.5 Stealth
 - Level 3.2 Spellcasting
 + Level 4.3 Necromancy
   Level 2.9 Evocations


You had 12 spell levels left.
You knew the following spells:

 Your Spells              Type           Power        Failure   Level  Hunger
a - Pain                  Necr           ###.         4%          1    #......


Dungeon Overview and Level Annotations

Branches:
Dungeon (5/15)             Temple (0/1) D:4

Altars:
Fedhas
Nemelex Xobeh
Okawaru
Trog
Uskayaw
Zin

Shops:
D:4 }%(

Annotations:
D:3 Blork the orc
D:5 Grinder; Protee's ghost, amateur DsIE


Innate Abilities, Weirdness & Mutations

Scrolls take you a little longer to read.
You passively map a small area around you.
You are covered in fur. (AC +1)


Message History

You writhe in agony.
* * * LOW HITPOINT WARNING * * *
You feel better.
Grinder blinks!
Grinder hits you!
* * * LOW HITPOINT WARNING * * *
There is a stone staircase leading up, spattered with blood here.
You feel yourself speed up. Grinder gestures at you.
You suddenly lose the ability to move!
Grinder hits you.
* * * LOW HITPOINT WARNING * * *
You writhe in agony.
* * * LOW HITPOINT WARNING * * *
Grinder hits you!
* * * LOW HITPOINT WARNING * * *
Grinder hits you but does no damage. Grinder hits you.
* * * LOW HITPOINT WARNING * * *
You writhe in agony.
You die...

* ,,
.......... ,
*#.......... ,
#.>........
#.......... ,
, #
**#..........
, , ...
##.......$.,
....#.......#
* ,
.(....รท.5...#
###.....@...#
............#
,
............#
............#
.....########
..... ....( ..


You could see Grinder.

Vanquished Creatures
  The ghost of dxctxrx the Grave Robber, a novice GnNe (D:3)
  Eustachio (D:4)
  An ogre (D:4)
  A phantom (D:4)
  A scorpion (D:5)
  A howler monkey (D:5)
  2 bullfrog zombies
  A bullfrog skeleton (D:5)
  Crazy Yiuf (D:2)
  3 orc wizards (D:4)
  Natasha (twice) (D:2)
  Terence (D:2)
  A worker ant (D:4)
  2 adders
  A gnoll (D:1)
  2 oozes
  2 adder zombies (D:5)
  3 worms (D:3)
  A dart slug (D:2)
  2 leopard geckos
  6 orcs (D:4)
  A ball python (D:1)
  9 bats
  5 giant cockroaches
  A goblin (D:2)
  3 hobgoblins
  4 jackals (D:2)
  10 kobolds
  3 quokkas
  4 frilled lizards
  2 rats
78 creatures vanquished.

Notes
Turn   | Place    | Note
-------+----------+-------------------------------------------
     0 | D:1      | vishdafish the Hill Orc Necromancer began the quest for the Orb.
     0 | D:1      | Reached XP level 1. HP: 14/14 MP: 3/3
   290 | D:1      | Reached XP level 2. HP: 16/22 MP: 4/4
   292 | D:1      | Reached skill level 1 in Fighting
  1035 | D:2      | Reached XP level 3. HP: 24/28 MP: 6/6
  1120 | D:2      | Noticed Terence
  1128 | D:2      | Killed Terence
  1128 | D:2      | Reached skill level 1 in Axes
  1140 | D:2      | Reached XP level 4. HP: 12/36 MP: 2/7
  1429 | D:2      | Noticed Natasha
  1438 | D:2      | Killed Natasha
  1438 | D:2      | Reached skill level 2 in Axes
  1868 | D:2      | Found a glowing silver altar of Zin.
  1874 | D:2      | Noticed Natasha
  1881 | D:2      | Killed Natasha
  1881 | D:2      | Reached skill level 3 in Axes
  1881 | D:2      | Reached XP level 5. HP: 31/42 MP: 2/8
  2065 | D:2      | Found a runed door.
  2109 | D:2      | Gained mutation: You are covered in fur. (AC +1) [potion of mutation]
  2109 | D:2      | Gained mutation: Scrolls take you a little longer to read. [potion of mutation]
  2109 | D:2      | Gained mutation: You passively map a small area around you. [potion of mutation]
  2110 | D:2      | Noticed Crazy Yiuf
  2124 | D:2      | Killed Crazy Yiuf
  2708 | D:3      | Noticed dxctxrx's ghost (novice GnNe)
  2709 | D:3      | Found a sparkling altar of Nemelex Xobeh.
  2891 | D:4      | Found a staircase to the Ecumenical Temple.
  2916 | D:4      | Noticed an ogre
  2923 | D:4      | Killed an ogre
  2923 | D:4      | Reached skill level 4 in Axes
  2923 | D:4      | Reached XP level 6. HP: 32/51 MP: 6/9
  3048 | D:4      | Noticed a phantom
  3077 | D:4      | Killed a phantom
  3077 | D:4      | Reached skill level 5 in Axes
  3077 | D:4      | Reached skill level 1 in Evocations
  3410 | D:4      | Found Egoteb's Gadget Shop.
  3531 | D:4      | Found a bloodstained altar of Trog.
  3531 | D:4      | Found a blossoming altar of Fedhas.
  3561 | D:4      | Found a hide-covered altar of Uskayaw.
  3563 | D:4      | Found a faded altar of an unknown god.
  3565 | D:4      | Found an iron altar of Okawaru.
  3606 | D:4      | Found Haddis's Food Shoppe.
  3671 | D:4      | Reached XP level 7. HP: 45/58 MP: 10/10
  3679 | D:4      | Noticed Eustachio
  3685 | D:4      | Killed Eustachio
  3685 | D:4      | Reached skill level 6 in Axes
  3986 | D:4      | Found an iron altar of Okawaru.
  4188 | D:4      | Found Nyolef's Antique Weapon Shoppe.
  5365 | D:3      | Killed dxctxrx's ghost
  5365 | D:3      | Reached skill level 7 in Axes
  5365 | D:3      | Reached XP level 8. HP: 29/67 MP: 10/12
  5562 | D:3      | Became a worshipper of Beogh the Brigand
  5736 | D:3      | Noticed Blork the orc
  5861 | D:5      | Entered Level 5 of the Dungeon
  5861 | D:5      | Noticed Protee's ghost (amateur DsIE)
  6400 | D:5      | Reached skill level 8 in Axes
  6780 | D:5      | Noticed Grinder
  7127 | D:5      | Paralysed by Grinder for 7 turns
  7131 | D:5      | HP: 1/67 [Grinder (4)]
  7131 | D:5      | Slain by Grinder

Vault maps used:
D:1:      dpeg_arrival_simpleton_b
D:2:      overflow_temple_1_default, uniq_crazy_yiuf_cottage, uniq_natasha,
          uniq_terence
D:3:      tgw_sif, nemelex_diamond_rough_becter
D:4:      chequers_temple_overflow_minitemple, minmay_temple_entry_butterflies,
          serial_shops, shop, shop, shop, kennysheep_okawaru_gauntlet,
          uniq_eustachio
D:5:      nicolae_qazlal_eye_of_the_storm, first_ration, uniq_grinder

Skill      XL: |  1  2  3  4  5  6  7  8 |
---------------+-------------------------+-----
Fighting       | 1 2 3 4 |  4.3
Dodging        | 2 3 |  3.0
Spellcasting   | 2 3 |  3.2
Axes           | 1 3 4 5 7 8 |  8.4
Evocations     | 2 |  2.9
Stealth        | |  1.5
Necromancy     | |  4.3

Action                   |  1- 3 |  4- 6 |  7- 9 || total
-------------------------+-------+-------+-------++-------
Melee: Unarmed           |    22 |     5 |       ||    27
       Whip              |    11 |       |       ||    11
       War axe           |    13 |   129 |   240 ||   382
 Cast: Pain              |    23 |    13 |       ||    36
Invok: Convert to Beogh  |       |       |     1 ||     1
Evoke: Wand              |       |     5 |     2 ||     7
  Use: Scroll            |       |    11 |     1 ||    12
       Potion            |       |     1 |     8 ||     9
 Stab: Sleeping          |     1 |     9 |       ||    10
  Eat: Chunk             |       |     6 |     5 ||    11
       Ration            |       |     1 |     2 ||     3
Armor: Robe              |    15 |    42 |     9 ||    66
       Skin              |       |     1 |       ||     1
       Leather armour    |       |       |    88 ||    88
Dodge: Dodged            |    47 |    87 |   116 ||   250

Table legend:
 A = Spawn XP
 B = Non-spawn XP
 C = Spawn XP percentage of total XP
 D = Spawn monster count
 E = Non-spawn monster count
 F = Spawn count percentage of total count
 G = Total turns spent on level
                    A         B        C        D         E        F      G
               +---------+---------+-------+---------+---------+-------+---------
         Total |       0 |    1724 |   0.0 |       0 |      78 |   0.0 |  7131
               +---------+---------+-------+---------+---------+-------+---------
           D:1 |       0 |      32 |   0.0 |       0 |      12 |   0.0 |   985
           D:2 |       0 |     180 |   0.0 |       0 |      22 |   0.0 |  1399
           D:3 |       0 |     599 |   0.0 |       0 |      18 |   0.0 |  1163
           D:4 |       0 |     674 |   0.0 |       0 |      17 |   0.0 |  3411
           D:5 |       0 |     239 |   0.0 |       0 |       9 |   0.0 |   173
               +---------+---------+-------+---------+---------+-------+---------
